Eagles vs Crunch
(R1)
Created - January 9, 2023 at 21:42
Goals
|
| Eagles |
2 |
0 |
2 |
4 |
| Crunch |
1 |
3 |
3 |
7 |
|
Shots
|
| Eagles |
19 |
8 |
15 |
42 |
| Crunch |
7 |
18 |
19 |
44 |
|
1st period
1. Eagles , Anthony Duclair 15 (Zach Aston-Reese 10, Adin Hill) at 2:39 (PP)
2. Crunch , Michael Ferland 3 (Joel Vermin 4) at 15:24
3. Eagles , Zach Aston-Reese 9 (Jarred Tinordi 14) at 15:46
Penalties :
Axel Holmstrom (Syr) for Interference (Minor) at 2:16, Jonathan Racine (Col) for Cross-checking (Minor) at 4:35, Drake Caggiula (Col) for Holding Stick (Minor) at 12:27, Teemu Hartikainen (Syr) for Hooking (Minor) at 12:31
2nd period
4. Crunch , Brandon Hagel 7 (Denis Gurianov 7) at 2:19
5. Crunch , Denis Gurianov 11 (Brandon Hagel 16, Axel Holmstrom 6) at 17:31
6. Crunch , Teemu Hartikainen 29 (Anthony Cirelli 20, Jacob Josefson 19) at 19:52 (PP)
Penalties :
Joseph Blandisi (Col) for Holding (Minor) at 3:15, Gabriel Vilardi (Col) for Tripping (Minor) at 5:54, Ryan Murphy (Col) for Roughing (Minor) at 19:38
3rd period
7. Crunch , Denis Gurianov 12 (Brandon Hagel 17) at 3:40
8. Crunch , Jacob Josefson 14 (Teemu Hartikainen 26) at 6:06 (PP)
9. Eagles , Drake Caggiula 10 (Joseph Blandisi 12) at 6:14
10. Eagles , Matteson Iacopelli 7 (Anthony Duclair 10, Ryan Murphy 14) at 7:15
11. Crunch , Joel Vermin 6 (Michael Ferland 7) at 11:19
Penalties :
Ryan Murphy (Col) for Interference (Minor) at 5:38
Goalie Stats
Adin Hill (Col), 37 saves from 44 shots - (0.841), L, 8-8-5, 60:00 minutes
Kaapo Kahkonen (Syr), 38 saves from 42 shots - (0.905), W, 5-8-1, 60:00 minutes
Players Stats for Eagles
Player Name G A P +/- PIM S H SB GA TA FO MP PP MP PK MP
------------------------------------------------------------------------------------
Anthony Duclair 1 1 2 0 0 7 0 2 1 1 2/2 18:40 0:23 2:27
Chris Calhan 0 0 0 0 0 1 0 0 1 0 0/0 7:21 0:00 0:00
Connor Carrick 0 0 0 -1 0 0 0 2 0 0 0/0 9:57 0:27 2:22
Dominik Kubalik 0 0 0 0 0 0 0 0 0 0 0/0 3:43 0:04 1:46
Drake Caggiula 1 0 1 -1 2 4 3 1 1 1 14/33 21:56 0:04 3:45
Gabriel Vilardi 0 0 0 -1 2 2 0 0 3 1 1/2 11:14 0:00 0:00
Jared McCann 0 0 0 -1 0 3 1 0 0 0 5/7 10:50 0:00 0:23
Jarred Tinordi 0 1 1 -1 0 3 5 2 2 1 0/0 26:45 0:00 4:21
John Ramage 0 0 0 0 0 3 1 1 0 1 0/0 20:24 0:27 2:22
Jonathan Racine 0 0 0 -1 2 0 2 1 0 0 0/0 10:16 0:00 0:42
Joseph Blandisi 0 1 1 -1 2 2 0 0 2 0 0/1 18:55 0:00 1:09
Keaton Middleton 0 0 0 0 0 1 0 0 0 0 0/0 3:16 0:00 0:00
Mark Friedman 0 0 0 0 0 0 0 0 0 0 0/0 3:16 0:00 0:00
Matteson Iacopelli 1 0 1 0 0 2 0 0 2 1 1/1 14:34 0:23 0:00
Max Lajoie 0 0 0 1 0 2 0 1 0 2 0/0 10:27 0:00 0:00
Michael Carcone 0 0 0 0 0 0 2 0 0 0 0/0 7:21 0:00 0:00
Michael Dal Colle 0 0 0 0 0 0 0 0 0 0 0/0 0:44 0:00 0:00
Nick Cousins 0 0 0 -1 0 3 0 0 2 1 6/13 23:02 0:04 3:56
Pius Suter 0 0 0 0 0 1 0 0 1 0 3/4 7:21 0:00 0:00
Ryan Murphy 0 1 1 -1 4 5 1 1 1 4 0/0 26:01 0:00 3:39
Sam Steel 0 0 0 0 0 0 0 0 0 0 0/0 0:41 0:00 0:00
Tyler Motte 0 0 0 -1 0 0 0 0 2 0 0/0 10:23 0:00 0:00
Xavier Ouellet 0 0 0 -1 0 0 0 0 0 1 0/0 9:35 0:00 0:00
Zach Aston-Reese 1 1 2 0 0 3 1 0 0 0 7/13 14:34 0:23 0:00
Players Stats for Crunch
Player Name G A P +/- PIM S H SB GA TA FO MP PP MP PK MP
------------------------------------------------------------------------------------
Anatoli Golyshev 0 0 0 0 0 2 0 0 2 1 0/0 6:32 0:00 0:00
Anthony Cirelli 0 1 1 -3 0 5 1 0 0 1 2/2 23:31 4:02 0:23
Axel Holmstrom 0 1 1 3 2 1 3 1 0 1 5/15 17:59 2:41 0:00
Blake Hillman 0 0 0 1 0 0 0 0 0 1 0/0 4:12 0:00 0:00
Blake Lizotte 0 0 0 0 0 1 0 0 0 0 1/3 6:32 0:00 0:00
Brandon Hagel 1 2 3 3 0 3 1 1 1 2 1/1 18:08 2:41 0:04
Brendan Guhle 0 0 0 0 0 1 0 2 0 3 0/0 19:40 2:50 0:00
Charles-Olivier Roussel 0 0 0 -1 0 1 1 0 0 0 0/0 9:49 0:00 0:00
Connor Bunnaman 0 0 0 2 0 0 0 2 0 0 5/8 11:10 0:00 0:00
Denis Gurianov 2 1 3 3 0 4 2 0 1 0 0/1 18:08 2:41 0:04
Jacob Josefson 1 1 2 -3 0 7 5 0 3 0 20/43 21:39 3:46 0:00
Jeremy Lauzon 0 0 0 0 0 1 2 0 2 2 0/0 19:40 2:50 0:00
Joel Vermin 1 1 2 2 0 2 0 1 1 0 0/0 11:10 0:00 0:00
Jordan Oesterle 0 0 0 2 0 1 1 0 1 2 0/0 26:19 3:53 0:27
Max McCormick 0 0 0 0 0 1 2 0 0 0 0/0 6:32 0:00 0:00
Michael Downing 0 0 0 1 0 0 0 0 0 0 0/0 4:11 0:00 0:00
Michael Ferland 1 1 2 2 0 6 1 2 0 0 0/0 11:49 0:00 0:00
Nikita Gusev 0 0 0 0 0 0 0 0 0 0 1/1 1:06 0:16 0:00
Rem Pitlick 0 0 0 0 0 0 0 0 0 0 0/0 0:58 0:16 0:00
Roland McKeown 0 0 0 2 0 0 2 1 2 2 0/0 26:19 3:53 0:27
Sean Walker 0 0 0 -1 0 0 1 0 0 2 0/0 9:49 0:00 0:00
Teemu Hartikainen 1 1 2 -3 2 8 3 1 1 1 2/2 22:22 3:45 0:23
3 Stars
1 - Denis Gurianov (Syr)
2 - Brandon Hagel (Syr)
3 - Michael Ferland (Syr)
Power Play
Eagles - 1 on 3 Attempt(s) - 33.33%
Crunch - 2 on 5 Attempt(s) - 40.00%
Penalty Kill
Eagles - 3 on 5 Attempt(s) - 60.00%
- Score 0 goal in Penalty Kill
Crunch - 2 on 3 Attempt(s) - 66.67%
- Score 0 goal in Penalty Kill
Team Stat
Eagles - Hits : 16 - Faceoff Wins : 39 - Blocked Shots : 11 - Penalty Minutes : 12
Crunch - Hits : 25 - Faceoff Wins : 37 - Blocked Shots : 11 - Penalty Minutes : 4
Official
Referees : Garrett Rank and Tom Chmielewski
Linesman : Steve Barton and Devin Berg
Game Notes
Connor Carrick is injured at 9:08 of 2nd period (Sprained Left Knee)
13:59 of 3rd period - Penalty Shot by Denis Gurianov for Crunch - Stopped by Adin Hill
Finance
Level 1 -- Attendance: 1935 (96.75%) -- Ticket Income $67,725
Level 2 -- Attendance: 922 (92.20%) -- Ticket Income $13,830
Total Attendance: 2857 (95.23%)
Total Ticket Income: $81,555
Other Income: $4,078
Total Income: $85,633
Eagles
5 vs 5 Forward
Center Left Wing Right Wing Time % Phy DF OF
1 Drake Caggiula Joseph Blandisi Nick Cousins 40 1 2 2
2 Zach Aston-Reese Anthony Duclair Matteson Iacopelli 30 1 2 2
3 Jared McCann Tyler Motte Gabriel Vilardi 20 1 2 2
4 Pius Suter Michael Carcone Chris Calhan 10 1 2 2
5 vs 5 Defense
Defense Defense Time % Phy DF OF
1 Jarred Tinordi Ryan Murphy 40 1 2 2
2 John Ramage Connor Carrick 30 1 2 2
3 Jonathan Racine Xavier Ouellet 20 1 2 2
4 Keaton Middleton Mark Friedman 10 1 2 2
PowerPlay Forward
Center Left Wing Right Wing Time % Phy DF OF
1 Drake Caggiula Joseph Blandisi Nick Cousins 60 1 2 2
2 Zach Aston-Reese Anthony Duclair Matteson Iacopelli 40 1 2 2
PowerPlay Defense
Defense Defense Time % Phy DF OF
1 Jarred Tinordi Ryan Murphy 60 1 2 2
2 John Ramage Connor Carrick 40 1 2 2
Penalty Kill 4 Players Forward
Center Wing Time % Phy DF OF
1 Nick Cousins Drake Caggiula 60 1 2 2
2 Joseph Blandisi Anthony Duclair 40 1 2 2
Penalty Kill 4 Players Defense
Defense Defense Time % Phy DF OF
1 Jarred Tinordi Ryan Murphy 60 1 2 2
2 John Ramage Connor Carrick 40 1 2 2
Penalty Kill - 3 Players Forward
Forward Time % Phy DF OF
1 Nick Cousins 60 1 2 2
2 Drake Caggiula 40 1 2 2
Penalty Kill - 3 Players Defense
Defense Defense Time % Phy DF OF
1 Jarred Tinordi Ryan Murphy 60 1 2 2
2 John Ramage Connor Carrick 40 1 2 2
4 vs 4 Forward
Center Wing Time % Phy DF OF
1 Nick Cousins Drake Caggiula 60 1 2 2
2 Joseph Blandisi Anthony Duclair 40 1 2 2
4 vs 4 Defense
Defense Defense Time % Phy DF OF
1 Jarred Tinordi Ryan Murphy 60 1 2 2
2 John Ramage Connor Carrick 40 1 2 2
Last Minutes Offensive
Center Left Wing Right Wing Defense Defense
Drake Caggiula Joseph Blandisi Nick Cousins Jarred Tinordi Ryan Murphy
Last Minutes Defensive
Center Left Wing Right Wing Defense Defense
Drake Caggiula Joseph Blandisi Nick Cousins Jarred Tinordi Ryan Murphy
Goaltenders
Starting : Adin Hill
Backup : Antoine Bibeau
Extra Forwards
Normal : Sam Steel, Michael Dal Colle, Dominik Kubalik - PP : Sam Steel, Michael Dal Colle - PK : Dominik Kubalik
Extra Defensemen
Normal : Max Lajoie, Jonathan Racine, Xavier Ouellet - PP : Max Lajoie - PK : Jonathan Racine, Xavier Ouellet
Penalty Shots
Nick Cousins, Drake Caggiula, Joseph Blandisi, Anthony Duclair, Zach Aston-Reese
Scratches
Jonathan Marchessault (Strained Left Elbow Injury), Pascal Laberge (Healthy), Marian Studenic (Healthy), Walker Duehr (Healthy)
Crunch
5 vs 5 Forward
Center Left Wing Right Wing Time % Phy DF OF
1 Jacob Josefson Teemu Hartikainen Anthony Cirelli 40 1 2 2
2 Axel Holmstrom Brandon Hagel Denis Gurianov 30 1 2 2
3 Connor Bunnaman Michael Ferland Joel Vermin 20 1 2 2
4 Blake Lizotte Anatoli Golyshev Max McCormick 10 1 2 2
5 vs 5 Defense
Defense Defense Time % Phy DF OF
1 Roland McKeown Jordan Oesterle 40 1 2 2
2 Brendan Guhle Jeremy Lauzon 30 1 2 2
3 Sean Walker Charles-Olivier Roussel 20 1 2 2
4 Michael Downing Blake Hillman 10 1 2 2
PowerPlay Forward
Center Left Wing Right Wing Time % Phy DF OF
1 Jacob Josefson Teemu Hartikainen Anthony Cirelli 60 1 2 2
2 Axel Holmstrom Brandon Hagel Denis Gurianov 40 1 2 2
PowerPlay Defense
Defense Defense Time % Phy DF OF
1 Roland McKeown Jordan Oesterle 60 1 2 2
2 Brendan Guhle Jeremy Lauzon 40 1 2 2
Penalty Kill 4 Players Forward
Center Wing Time % Phy DF OF
1 Teemu Hartikainen Anthony Cirelli 60 1 2 2
2 Denis Gurianov Brandon Hagel 40 1 2 2
Penalty Kill 4 Players Defense
Defense Defense Time % Phy DF OF
1 Roland McKeown Jordan Oesterle 60 1 2 2
2 Brendan Guhle Jeremy Lauzon 40 1 2 2
Penalty Kill - 3 Players Forward
Forward Time % Phy DF OF
1 Teemu Hartikainen 60 1 2 2
2 Anthony Cirelli 40 1 2 2
Penalty Kill - 3 Players Defense
Defense Defense Time % Phy DF OF
1 Roland McKeown Jordan Oesterle 60 1 2 2
2 Brendan Guhle Jeremy Lauzon 40 1 2 2
4 vs 4 Forward
Center Wing Time % Phy DF OF
1 Teemu Hartikainen Anthony Cirelli 60 1 2 2
2 Denis Gurianov Brandon Hagel 40 1 2 2
4 vs 4 Defense
Defense Defense Time % Phy DF OF
1 Roland McKeown Jordan Oesterle 60 1 2 2
2 Brendan Guhle Jeremy Lauzon 40 1 2 2
Last Minutes Offensive
Center Left Wing Right Wing Defense Defense
Jacob Josefson Teemu Hartikainen Anthony Cirelli Roland McKeown Jordan Oesterle
Last Minutes Defensive
Center Left Wing Right Wing Defense Defense
Jacob Josefson Teemu Hartikainen Anthony Cirelli Roland McKeown Jordan Oesterle
Goaltenders
Starting : Kaapo Kahkonen
Backup : Jordan Binnington
Extra Forwards
Normal : Nikita Gusev, Rem Pitlick, Michael Ferland - PP : Nikita Gusev, Rem Pitlick - PK : Michael Ferland
Extra Defensemen
Normal : Sean Walker, Charles-Olivier Roussel, Michael Downing - PP : Sean Walker - PK : Charles-Olivier Roussel, Michael Downing
Penalty Shots
Teemu Hartikainen, Anthony Cirelli, Denis Gurianov, Brandon Hagel, Michael Ferland
Scratches
Christoffer Ehn (Healthy), Noah Hanifin (Healthy), Josef Korenar (Healthy)
% Time on Ice - Eagles
Lines # - Real PCT - Wanted PCT - Time Play
Normal Forward
1 - 37% - 40% - 18:50
2 - 28% - 30% - 14:21
3 - 20% - 20% - 10:23
4 - 14% - 10% - 7:21
Normal Defense
1 - 42% - 40% - 21:12
2 - 33% - 30% - 16:52
3 - 19% - 20% - 9:35
4 - 6% - 10% - 3:16
PP Forward
1 - 15% - 60% - 0:04
2 - 85% - 40% - 0:23
PP Defense
1 - 0% - 60% - 0:00
2 - 100% - 40% - 0:27
PK Forward
1 - 75% - 60% - 5:01
2 - 25% - 40% - 1:42
PK Defense
1 - 65% - 60% - 4:21
2 - 35% - 40% - 2:22
PK3 Forward
1 - 0% - 60%
2 - 0% - 40%
PK3 Defense
1 - 0% - 60%
2 - 0% - 40%
44 Forward
1 - 100% - 60% - 1:55
2 - 0% - 40% - 0:00
44 Defense
1 - 63% - 60% - 1:12
2 - 37% - 40% - 0:43
Last Minute Offensive - 0:00
Last Minute Defensive - 0:00
Total
Forward - 60:00
Defense - 60:00
|
% Time on Ice - Crunch
Lines # - Real PCT - Wanted PCT - Time Play
Normal Forward
1 - 35% - 40% - 18:00
2 - 30% - 30% - 15:13
3 - 22% - 20% - 11:10
4 - 13% - 10% - 6:32
Normal Defense
1 - 42% - 40% - 21:17
2 - 31% - 30% - 15:37
3 - 19% - 20% - 9:49
4 - 8% - 10% - 4:12
PP Forward
1 - 60% - 60% - 4:02
2 - 40% - 40% - 2:41
PP Defense
1 - 58% - 60% - 3:53
2 - 42% - 40% - 2:50
PK Forward
1 - 85% - 60% - 0:23
2 - 15% - 40% - 0:04
PK Defense
1 - 100% - 60% - 0:27
2 - 0% - 40% - 0:00
PK3 Forward
1 - 0% - 60%
2 - 0% - 40%
PK3 Defense
1 - 0% - 60%
2 - 0% - 40%
44 Forward
1 - 91% - 60% - 1:45
2 - 9% - 40% - 0:10
44 Defense
1 - 37% - 60% - 0:42
2 - 63% - 40% - 1:13
Last Minute Offensive - 0:00
Last Minute Defensive - 0:00
Total
Forward - 60:00
Defense - 60:00
|
Play-by-Play
1st period
0:01 of 1st period - Jacob Josefson wins face-off versus Drake Caggiula in neutral zone.
0:13 of 1st period - Icing by Drake Caggiula.
0:14 of 1st period - Drake Caggiula wins face-off versus Axel Holmstrom in Eagles zone.
0:14 of 1st period - Drake Caggiula is hit by Denis Gurianov.
0:21 of 1st period - Icing by Nick Cousins.
0:22 of 1st period - Drake Caggiula wins face-off versus Axel Holmstrom in Eagles zone.
0:22 of 1st period - Drake Caggiula is hit by Denis Gurianov.
1:49 of 1st period - Slapshot by Jarred Tinordi.
1:49 of 1st period - Shot Misses the Net.
1:51 of 1st period - Snap shot by Nick Cousins.
1:51 of 1st period - Stopped by Kaapo Kahkonen with a rebound.
1:53 of 1st period - Wrist shot by Joseph Blandisi.
1:53 of 1st period - Shot Misses the Net.
2:01 of 1st period - Slapshot by Nick Cousins.
2:01 of 1st period - Stopped by Kaapo Kahkonen with a rebound.
2:03 of 1st period - Snap shot by Drake Caggiula.
2:03 of 1st period - Stopped by Kaapo Kahkonen with a rebound.
2:05 of 1st period - Slapshot by Drake Caggiula.
2:05 of 1st period - Shot Blocked by Brendan Guhle.
2:16 of 1st period - Minor Penalty to Axel Holmstrom for Interference.
2:17 of 1st period - Teemu Hartikainen wins face-off versus Zach Aston-Reese in Crunch zone.
2:25 of 1st period - Snap shot by Zach Aston-Reese.
2:25 of 1st period - Shot Hit the Post.
2:27 of 1st period - Wrist shot by John Ramage.
2:27 of 1st period - Stopped by Kaapo Kahkonen without a rebound.
2:28 of 1st period - Teemu Hartikainen wins face-off versus Zach Aston-Reese in Crunch zone.
2:39 of 1st period - Snap shot by Anthony Duclair.
2:39 of 1st period - Goal by Anthony Duclair - Eagles : 1 - Crunch : 0.
2:40 of 1st period - Zach Aston-Reese wins face-off versus Jacob Josefson in neutral zone.
3:17 of 1st period - Icing by Jordan Oesterle.
3:18 of 1st period - Pius Suter wins face-off versus Blake Lizotte in Crunch zone.
3:19 of 1st period - Slapshot by John Ramage.
3:19 of 1st period - Shot Blocked by Roland McKeown.
3:47 of 1st period - John Ramage is hit by Jacob Josefson and loses puck.
4:26 of 1st period - Wrist shot by Jared McCann.
4:26 of 1st period - Deflect By Drake Caggiula.
4:26 of 1st period - Stopped by Kaapo Kahkonen without a rebound.
4:27 of 1st period - Axel Holmstrom wins face-off versus Drake Caggiula in Crunch zone.
4:35 of 1st period - Minor Penalty to Jonathan Racine for Cross-checking.
4:36 of 1st period - Nick Cousins wins face-off versus Jacob Josefson in Eagles zone.
4:46 of 1st period - Snap shot by Jacob Josefson.
4:46 of 1st period - Stopped by Adin Hill with a rebound.
6:35 of 1st period - Penalty to Jonathan Racine is over, Jonathan Racine is back on ice.
6:58 of 1st period - Connor Bunnaman is hit by Jonathan Racine and loses puck.
7:33 of 1st period - Slapshot by Matteson Iacopelli.
7:33 of 1st period - Shot Blocked by Connor Bunnaman.
7:35 of 1st period - Wrist shot by Anthony Duclair.
7:35 of 1st period - Shot Misses the Net.
7:37 of 1st period - Wrist shot by Anthony Duclair.
7:37 of 1st period - Stopped by Kaapo Kahkonen without a rebound.
7:38 of 1st period - Connor Bunnaman wins face-off versus Drake Caggiula in Crunch zone.
7:38 of 1st period - Connor Bunnaman is hit by Drake Caggiula.
7:58 of 1st period - Tyler Motte is hit by Charles-Olivier Roussel and loses puck.
8:05 of 1st period - Anthony Cirelli is hit by Ryan Murphy and loses puck.
9:20 of 1st period - Snap shot by Drake Caggiula.
9:20 of 1st period - Shot Blocked by Axel Holmstrom.
9:22 of 1st period - Wrist shot by Jared McCann.
9:22 of 1st period - Stopped by Kaapo Kahkonen with a rebound.
9:24 of 1st period - Wrist shot by Jared McCann.
9:24 of 1st period - Shot Misses the Net.
9:26 of 1st period - Wrist shot by Keaton Middleton.
9:26 of 1st period - Deflect By Jordan Oesterle.
9:26 of 1st period - Stopped by Kaapo Kahkonen without a rebound.
9:27 of 1st period - Brandon Hagel wins face-off versus Jared McCann in Crunch zone.
10:04 of 1st period - Icing by Roland McKeown.
10:05 of 1st period - Connor Bunnaman wins face-off versus Drake Caggiula in Crunch zone.
10:05 of 1st period - Connor Bunnaman is hit by Drake Caggiula.
10:40 of 1st period - Icing by Joel Vermin.
10:41 of 1st period - Connor Bunnaman wins face-off versus Drake Caggiula in Crunch zone.
10:52 of 1st period - Snap shot by Nick Cousins.
10:52 of 1st period - Stopped by Kaapo Kahkonen with a rebound.
11:08 of 1st period - Jarred Tinordi is hit by Jordan Oesterle.
11:34 of 1st period - Jared McCann is hit by Roland McKeown and loses puck.
11:47 of 1st period - Roland McKeown is hit by Michael Carcone and loses puck.
12:09 of 1st period - Off-side.
12:10 of 1st period - Jacob Josefson wins face-off versus Nick Cousins in neutral zone.
12:13 of 1st period - Ryan Murphy is hit by Teemu Hartikainen and loses puck.
12:27 of 1st period - Minor Penalty to Drake Caggiula for Holding Stick.
12:28 of 1st period - Jacob Josefson wins face-off versus Nick Cousins in Eagles zone.
12:31 of 1st period - Minor Penalty to Teemu Hartikainen for Hooking.
12:32 of 1st period - Nikita Gusev wins face-off versus Nick Cousins in Crunch zone.
12:38 of 1st period - Snap shot by Nikita Gusev.
12:38 of 1st period - Shot Misses the Net.
12:42 of 1st period - Wrist shot by Nikita Gusev.
12:42 of 1st period - Shot Blocked by Jarred Tinordi.
12:46 of 1st period - Wrist shot by Anthony Cirelli.
12:46 of 1st period - Shot Misses the Net.
12:48 of 1st period - Snap shot by Anthony Cirelli.
12:48 of 1st period - Stopped by Adin Hill with a rebound.
12:58 of 1st period - Anthony Cirelli is hit by Jarred Tinordi and loses puck.
13:17 of 1st period - Nick Cousins is hit by Michael Ferland and loses puck.
14:27 of 1st period - Penalty to Drake Caggiula is over, Drake Caggiula is back on ice.
14:31 of 1st period - Penalty to Teemu Hartikainen is over, Teemu Hartikainen is back on ice.
14:32 of 1st period - Roland McKeown is hit by John Ramage and loses puck.
14:39 of 1st period - Wrist shot by Drake Caggiula.
14:39 of 1st period - Shot Blocked by Brandon Hagel.
14:51 of 1st period - Wrist shot by Teemu Hartikainen.
14:51 of 1st period - Stopped by Adin Hill without a rebound.
14:52 of 1st period - Jared McCann wins face-off versus Blake Lizotte in Eagles zone.
15:22 of 1st period - Snap shot by Michael Ferland.
15:22 of 1st period - Shot Blocked by Anthony Duclair.
15:24 of 1st period - Backhand shot by Michael Ferland.
15:24 of 1st period - Goal by Michael Ferland - Eagles : 1 - Crunch : 1.
15:25 of 1st period - Anthony Duclair wins face-off versus Jacob Josefson in neutral zone.
15:30 of 1st period - Backhand shot by Anthony Duclair.
15:30 of 1st period - Stopped by Kaapo Kahkonen without a rebound.
15:31 of 1st period - Zach Aston-Reese wins face-off versus Jacob Josefson in Crunch zone.
15:44 of 1st period - Wrist shot by Jarred Tinordi.
15:44 of 1st period - Shot Blocked by Teemu Hartikainen.
15:46 of 1st period - Snap shot by Zach Aston-Reese.
15:46 of 1st period - Goal by Zach Aston-Reese - Eagles : 2 - Crunch : 1.
15:47 of 1st period - Anthony Cirelli wins face-off versus Zach Aston-Reese in neutral zone.
15:50 of 1st period - Wrist shot by Teemu Hartikainen.
15:50 of 1st period - Stopped by Adin Hill with a rebound.
15:52 of 1st period - Wrist shot by Anthony Cirelli.
15:52 of 1st period - Shot Misses the Net.
15:54 of 1st period - Snap shot by Jacob Josefson.
15:54 of 1st period - Stopped by Adin Hill without a rebound.
15:55 of 1st period - Zach Aston-Reese wins face-off versus Jacob Josefson in Eagles zone.
16:22 of 1st period - Snap shot by Joel Vermin.
16:22 of 1st period - Shot Misses the Net.
16:28 of 1st period - Michael Ferland is hit by Jarred Tinordi.
16:34 of 1st period - Wrist shot by Matteson Iacopelli.
16:34 of 1st period - Deflect By Zach Aston-Reese.
16:34 of 1st period - Stopped by Kaapo Kahkonen with a rebound.
16:36 of 1st period - Slapshot by Jarred Tinordi.
16:36 of 1st period - Stopped by Kaapo Kahkonen without a rebound.
16:37 of 1st period - Jacob Josefson wins face-off versus Drake Caggiula in Crunch zone.
16:49 of 1st period - Snap shot by Nick Cousins.
16:49 of 1st period - Shot Misses the Net.
17:32 of 1st period - Wrist shot by Michael Carcone.
17:32 of 1st period - Shot Misses the Net.
18:26 of 1st period - Denis Gurianov is hit by Jonathan Racine and loses puck.
18:47 of 1st period - Snap shot by Nick Cousins.
18:47 of 1st period - Shot Misses the Net.
18:49 of 1st period - Slapshot by Drake Caggiula.
18:49 of 1st period - Stopped by Kaapo Kahkonen without a rebound.
18:50 of 1st period - Drake Caggiula wins face-off versus Connor Bunnaman in Crunch zone.
18:55 of 1st period - Slapshot by Joseph Blandisi.
18:55 of 1st period - Shot Blocked by Michael Ferland.
18:57 of 1st period - Slapshot by Ryan Murphy.
18:57 of 1st period - Stopped by Kaapo Kahkonen with a rebound.
18:59 of 1st period - Backhand shot by Ryan Murphy.
18:59 of 1st period - Stopped by Kaapo Kahkonen with a rebound.
19:01 of 1st period - Snap shot by Nick Cousins.
19:01 of 1st period - Shot Misses the Net.
19:03 of 1st period - Slapshot by Jarred Tinordi.
19:03 of 1st period - Deflect By Joseph Blandisi.
19:03 of 1st period - Stopped by Kaapo Kahkonen with a rebound.
19:05 of 1st period - Slapshot by Jarred Tinordi.
19:05 of 1st period - Deflect By Connor Bunnaman.
19:05 of 1st period - Stopped by Kaapo Kahkonen with a rebound.
19:35 of 1st period - Snap shot by Jared McCann.
19:35 of 1st period - Shot Hit the Post.
19:59 of 1st period - Slapshot by Anatoli Golyshev.
19:59 of 1st period - Stopped by Adin Hill with a rebound.
Goals for this period are 2 for Eagles vs 1 for Crunch.
Shots for this period are 19 for Eagles vs 7 for Crunch.
2nd period
0:01 of 2nd period - Nick Cousins wins face-off versus Jacob Josefson in neutral zone.
0:35 of 2nd period - Snap shot by Denis Gurianov.
0:35 of 2nd period - Stopped by Adin Hill with a rebound.
0:37 of 2nd period - Wrist shot by Brendan Guhle.
0:37 of 2nd period - Stopped by Adin Hill without a rebound.
0:38 of 2nd period - Jacob Josefson wins face-off versus Drake Caggiula in Eagles zone.
0:51 of 2nd period - Teemu Hartikainen is hit by Jarred Tinordi and loses puck.
1:14 of 2nd period - Snap shot by Jeremy Lauzon.
1:14 of 2nd period - Shot Blocked by Jarred Tinordi.
1:16 of 2nd period - Slapshot by Axel Holmstrom.
1:16 of 2nd period - Stopped by Adin Hill without a rebound.
1:17 of 2nd period - Jared McCann wins face-off versus Connor Bunnaman in Eagles zone.
2:10 of 2nd period - Off-side.
2:11 of 2nd period - Axel Holmstrom wins face-off versus Drake Caggiula in neutral zone.
2:14 of 2nd period - Ryan Murphy is hit by Brandon Hagel and loses puck.
2:19 of 2nd period - Snap shot by Brandon Hagel.
2:19 of 2nd period - Goal by Brandon Hagel - Eagles : 2 - Crunch : 2.
2:20 of 2nd period - Drake Caggiula wins face-off versus Jacob Josefson in neutral zone.
3:06 of 2nd period - Snap shot by Michael Ferland.
3:06 of 2nd period - Stopped by Adin Hill without a rebound.
3:07 of 2nd period - Jacob Josefson wins face-off versus Drake Caggiula in Eagles zone.
3:15 of 2nd period - Minor Penalty to Joseph Blandisi for Holding.
3:16 of 2nd period - Nick Cousins wins face-off versus Jacob Josefson in Eagles zone.
3:16 of 2nd period - Nick Cousins is hit by Teemu Hartikainen.
3:58 of 2nd period - Axel Holmstrom is hit by Drake Caggiula and loses puck.
4:11 of 2nd period - Slapshot by Jeremy Lauzon.
4:11 of 2nd period - Shot Misses the Net.
5:15 of 2nd period - Penalty to Joseph Blandisi is over, Joseph Blandisi is back on ice.
5:24 of 2nd period - Off-side.
5:25 of 2nd period - Jared McCann wins face-off versus Connor Bunnaman in neutral zone.
5:36 of 2nd period - Slapshot by Tyler Motte.
5:36 of 2nd period - Deflect By Gabriel Vilardi.
5:36 of 2nd period - Shot Misses the Net.
5:36 of 2nd period - Puck is out of play.
5:37 of 2nd period - Jared McCann wins face-off versus Denis Gurianov in Crunch zone.
5:52 of 2nd period - Slapshot by Denis Gurianov.
5:52 of 2nd period - Shot Misses the Net.
5:54 of 2nd period - Minor Penalty to Gabriel Vilardi for Tripping.
5:55 of 2nd period - Nick Cousins wins face-off versus Jacob Josefson in Eagles zone.
6:20 of 2nd period - Snap shot by Brandon Hagel.
6:20 of 2nd period - Stopped by Adin Hill with a rebound.
6:30 of 2nd period - Snap shot by Jeremy Lauzon.
6:30 of 2nd period - Stopped by Adin Hill without a rebound.
6:31 of 2nd period - Jacob Josefson wins face-off versus Joseph Blandisi in Eagles zone.
7:03 of 2nd period - Snap shot by Jeremy Lauzon.
7:03 of 2nd period - Shot Blocked by Connor Carrick.
7:54 of 2nd period - Penalty to Gabriel Vilardi is over, Gabriel Vilardi is back on ice.
7:57 of 2nd period - Dominik Kubalik is hit by Jacob Josefson.
8:19 of 2nd period - Slapshot by Gabriel Vilardi.
8:19 of 2nd period - Shot Blocked by Michael Ferland.
8:23 of 2nd period - Snap shot by Anthony Duclair.
8:23 of 2nd period - Shot Blocked by Connor Bunnaman.
8:41 of 2nd period - Wrist shot by Gabriel Vilardi.
8:41 of 2nd period - Shot Blocked by Brendan Guhle.
8:43 of 2nd period - Slapshot by Dominik Kubalik.
8:43 of 2nd period - Deflect By Anthony Duclair.
8:43 of 2nd period - Stopped by Kaapo Kahkonen with a rebound.
8:45 of 2nd period - Slapshot by Gabriel Vilardi.
8:45 of 2nd period - Stopped by Kaapo Kahkonen without a rebound.
8:46 of 2nd period - Drake Caggiula wins face-off versus Axel Holmstrom in Crunch zone.
8:56 of 2nd period - Off-side.
8:57 of 2nd period - Jacob Josefson wins face-off versus Drake Caggiula in neutral zone.
9:02 of 2nd period - Snap shot by Jacob Josefson.
9:02 of 2nd period - Shot Blocked by Drake Caggiula.
9:08 of 2nd period - Snap shot by Teemu Hartikainen.
9:08 of 2nd period - Deflect By Jacob Josefson.
9:08 of 2nd period - Shot Blocked by Connor Carrick.
9:08 of 2nd period - Connor Carrick from Eagles is injured at 9:08 of 2nd period (Sprained Left Knee).
9:09 of 2nd period - Zach Aston-Reese wins face-off versus Jacob Josefson in Eagles zone.
9:20 of 2nd period - Snap shot by Anthony Duclair.
9:20 of 2nd period - Shot Misses the Net.
9:22 of 2nd period - Snap shot by Zach Aston-Reese.
9:22 of 2nd period - Shot Misses the Net.
9:24 of 2nd period - Slapshot by Jarred Tinordi.
9:24 of 2nd period - Deflect By Anthony Duclair.
9:24 of 2nd period - Shot Misses the Net.
9:24 of 2nd period - Puck is out of play.
9:25 of 2nd period - Axel Holmstrom wins face-off versus Drake Caggiula in Crunch zone.
9:50 of 2nd period - Jordan Oesterle is hit by Zach Aston-Reese and loses puck.
9:55 of 2nd period - Snap shot by Anthony Duclair.
9:55 of 2nd period - Deflect By Zach Aston-Reese.
9:55 of 2nd period - Stopped by Kaapo Kahkonen with a rebound.
10:10 of 2nd period - Icing by Roland McKeown.
10:11 of 2nd period - Gabriel Vilardi wins face-off versus Jacob Josefson in Crunch zone.
10:16 of 2nd period - Snap shot by Joseph Blandisi.
10:16 of 2nd period - Stopped by Kaapo Kahkonen with a rebound.
10:18 of 2nd period - Slapshot by Ryan Murphy.
10:18 of 2nd period - Stopped by Kaapo Kahkonen without a rebound.
10:19 of 2nd period - Drake Caggiula wins face-off versus Axel Holmstrom in Crunch zone.
10:20 of 2nd period - Snap shot by Nick Cousins.
10:20 of 2nd period - Shot Misses the Net.
10:52 of 2nd period - Wrist shot by Anthony Duclair.
10:52 of 2nd period - Stopped by Kaapo Kahkonen without a rebound.
10:53 of 2nd period - Anthony Duclair wins face-off versus Axel Holmstrom in Crunch zone.
11:45 of 2nd period - Wrist shot by Jarred Tinordi.
11:45 of 2nd period - Deflect By Michael Carcone.
11:45 of 2nd period - Shot Hit the Post.
11:45 of 2nd period - Puck is out of play.
11:46 of 2nd period - Pius Suter wins face-off versus Jacob Josefson in Crunch zone.
11:46 of 2nd period - Jarred Tinordi is hit by Jeremy Lauzon and loses puck.
11:53 of 2nd period - Wrist shot by Brendan Guhle.
11:53 of 2nd period - Shot Blocked by Ryan Murphy.
12:53 of 2nd period - Slapshot by Ryan Murphy.
12:53 of 2nd period - Stopped by Kaapo Kahkonen with a rebound.
12:55 of 2nd period - Wrist shot by Nick Cousins.
12:55 of 2nd period - Shot Blocked by Joel Vermin.
12:57 of 2nd period - Slapshot by Ryan Murphy.
12:57 of 2nd period - Stopped by Kaapo Kahkonen with a rebound.
13:07 of 2nd period - Max Lajoie is hit by Jacob Josefson and loses puck.
13:14 of 2nd period - Wrist shot by Jacob Josefson.
13:14 of 2nd period - Stopped by Adin Hill without a rebound.
13:15 of 2nd period - Jacob Josefson wins face-off versus Drake Caggiula in Eagles zone.
13:26 of 2nd period - Snap shot by Teemu Hartikainen.
13:26 of 2nd period - Stopped by Adin Hill with a rebound.
13:47 of 2nd period - Snap shot by Axel Holmstrom.
13:47 of 2nd period - Shot Blocked by John Ramage.
14:03 of 2nd period - Slapshot by Michael Ferland.
14:03 of 2nd period - Shot Blocked by Anthony Duclair.
14:05 of 2nd period - Snap shot by Connor Bunnaman.
14:05 of 2nd period - Shot Misses the Net.
14:07 of 2nd period - Snap shot by Joel Vermin.
14:07 of 2nd period - Deflect By Michael Ferland.
14:07 of 2nd period - Stopped by Adin Hill with a rebound.
14:09 of 2nd period - Snap shot by Michael Ferland.
14:09 of 2nd period - Stopped by Adin Hill without a rebound.
14:10 of 2nd period - Jacob Josefson wins face-off versus Drake Caggiula in Eagles zone.
14:42 of 2nd period - Xavier Ouellet is hit by Axel Holmstrom and loses puck.
15:03 of 2nd period - Jared McCann is hit by Roland McKeown.
17:09 of 2nd period - Snap shot by Teemu Hartikainen.
17:09 of 2nd period - Stopped by Adin Hill with a rebound.
17:11 of 2nd period - Slapshot by Anthony Cirelli.
17:11 of 2nd period - Deflect By Jacob Josefson.
17:11 of 2nd period - Stopped by Adin Hill with a rebound.
17:31 of 2nd period - Slapshot by Denis Gurianov.
17:31 of 2nd period - Goal by Denis Gurianov - Eagles : 2 - Crunch : 3.
17:32 of 2nd period - Zach Aston-Reese wins face-off versus Jacob Josefson in neutral zone.
17:43 of 2nd period - Snap shot by Teemu Hartikainen.
17:43 of 2nd period - Shot Misses the Net.
17:45 of 2nd period - Snap shot by Anthony Cirelli.
17:45 of 2nd period - Deflect By Teemu Hartikainen.
17:45 of 2nd period - Shot Misses the Net.
17:45 of 2nd period - Puck is out of play.
17:46 of 2nd period - Drake Caggiula wins face-off versus Jacob Josefson in Eagles zone.
18:40 of 2nd period - Snap shot by Max McCormick.
18:40 of 2nd period - Stopped by Adin Hill with a rebound.
18:52 of 2nd period - Gabriel Vilardi is hit by Max McCormick and loses puck.
19:19 of 2nd period - Snap shot by Blake Lizotte.
19:19 of 2nd period - Stopped by Adin Hill without a rebound.
19:20 of 2nd period - Jacob Josefson wins face-off versus Drake Caggiula in Eagles zone.
19:38 of 2nd period - Minor Penalty to Ryan Murphy for Roughing.
19:39 of 2nd period - Jacob Josefson wins face-off versus Nick Cousins in Eagles zone.
19:42 of 2nd period - Slapshot by Anthony Cirelli.
19:42 of 2nd period - Stopped by Adin Hill without a rebound.
19:43 of 2nd period - Jacob Josefson wins face-off versus Nick Cousins in Eagles zone.
19:52 of 2nd period - Snap shot by Teemu Hartikainen.
19:52 of 2nd period - Goal by Teemu Hartikainen - Eagles : 2 - Crunch : 4.
19:53 of 2nd period - Anthony Cirelli wins face-off versus Drake Caggiula in neutral zone.
Goals for this period are 0 for Eagles vs 3 for Crunch.
Shots for this period are 8 for Eagles vs 18 for Crunch.
3rd period
0:01 of 3rd period - Matteson Iacopelli wins face-off versus Jacob Josefson in neutral zone.
0:38 of 3rd period - Teemu Hartikainen is hit by Jared McCann and loses puck.
1:04 of 3rd period - Wrist shot by Anthony Cirelli.
1:04 of 3rd period - Shot Misses the Net.
1:06 of 3rd period - Snap shot by Anthony Cirelli.
1:06 of 3rd period - Deflect By Teemu Hartikainen.
1:06 of 3rd period - Stopped by Adin Hill with a rebound.
1:08 of 3rd period - Snap shot by Jacob Josefson.
1:08 of 3rd period - Deflect By Anthony Cirelli.
1:08 of 3rd period - Stopped by Adin Hill without a rebound.
1:09 of 3rd period - Drake Caggiula wins face-off versus Axel Holmstrom in Eagles zone.
1:14 of 3rd period - Snap shot by Brandon Hagel.
1:14 of 3rd period - Stopped by Adin Hill with a rebound.
1:16 of 3rd period - Slapshot by Charles-Olivier Roussel.
1:16 of 3rd period - Stopped by Adin Hill with a rebound.
2:29 of 3rd period - Slapshot by Jeremy Lauzon.
2:29 of 3rd period - Deflect By Michael Ferland.
2:29 of 3rd period - Shot Misses the Net.
2:29 of 3rd period - Puck is out of play.
2:30 of 3rd period - Axel Holmstrom wins face-off versus Drake Caggiula in Eagles zone.
2:45 of 3rd period - Ryan Murphy is hit by Sean Walker and loses puck.
3:22 of 3rd period - Wrist shot by Tyler Motte.
3:22 of 3rd period - Shot Misses the Net.
3:40 of 3rd period - Slapshot by Denis Gurianov.
3:40 of 3rd period - Goal by Denis Gurianov - Eagles : 2 - Crunch : 5.
3:41 of 3rd period - Nick Cousins wins face-off versus Jacob Josefson in neutral zone.
4:26 of 3rd period - Icing by Brendan Guhle.
4:27 of 3rd period - Connor Bunnaman wins face-off versus Gabriel Vilardi in Crunch zone.
5:21 of 3rd period - Snap shot by Anthony Duclair.
5:21 of 3rd period - Stopped by Kaapo Kahkonen with a rebound.
5:25 of 3rd period - Snap shot by Anthony Duclair.
5:25 of 3rd period - Stopped by Kaapo Kahkonen without a rebound.
5:26 of 3rd period - Jacob Josefson wins face-off versus Jared McCann in Crunch zone.
5:26 of 3rd period - Jacob Josefson is hit by Jarred Tinordi.
5:34 of 3rd period - Slapshot by Teemu Hartikainen.
5:34 of 3rd period - Stopped by Adin Hill without a rebound.
5:35 of 3rd period - Jared McCann wins face-off versus Jacob Josefson in Eagles zone.
5:35 of 3rd period - Jared McCann is hit by Teemu Hartikainen.
5:38 of 3rd period - Minor Penalty to Ryan Murphy for Interference.
5:39 of 3rd period - Jacob Josefson wins face-off versus Nick Cousins in Eagles zone.
5:54 of 3rd period - Off-side.
5:55 of 3rd period - Jacob Josefson wins face-off versus Nick Cousins in neutral zone.
6:06 of 3rd period - Snap shot by Jacob Josefson.
6:06 of 3rd period - Goal by Jacob Josefson - Eagles : 2 - Crunch : 6.
6:07 of 3rd period - Drake Caggiula wins face-off versus Jacob Josefson in neutral zone.
6:14 of 3rd period - Snap shot by Drake Caggiula.
6:14 of 3rd period - Goal by Drake Caggiula - Eagles : 3 - Crunch : 6.
6:15 of 3rd period - Drake Caggiula wins face-off versus Jacob Josefson in neutral zone.
6:40 of 3rd period - Jarred Tinordi is hit by Jeremy Lauzon and loses puck.
6:48 of 3rd period - Icing by Ryan Murphy.
6:49 of 3rd period - Zach Aston-Reese wins face-off versus Axel Holmstrom in Eagles zone.
7:15 of 3rd period - Snap shot by Matteson Iacopelli.
7:15 of 3rd period - Goal by Matteson Iacopelli - Eagles : 4 - Crunch : 6.
7:16 of 3rd period - Jacob Josefson wins face-off versus Drake Caggiula in neutral zone.
7:20 of 3rd period - Wrist shot by Anthony Cirelli.
7:20 of 3rd period - Stopped by Adin Hill with a rebound.
7:24 of 3rd period - Snap shot by Jacob Josefson.
7:24 of 3rd period - Stopped by Adin Hill with a rebound.
7:26 of 3rd period - Wrist shot by Anthony Cirelli.
7:26 of 3rd period - Stopped by Adin Hill without a rebound.
7:27 of 3rd period - Drake Caggiula wins face-off versus Jacob Josefson in Eagles zone.
7:57 of 3rd period - Backhand shot by Jared McCann.
7:57 of 3rd period - Stopped by Kaapo Kahkonen with a rebound.
7:59 of 3rd period - Snap shot by Gabriel Vilardi.
7:59 of 3rd period - Shot Misses the Net.
8:01 of 3rd period - Snap shot by Tyler Motte.
8:01 of 3rd period - Shot Misses the Net.
8:03 of 3rd period - Slapshot by John Ramage.
8:03 of 3rd period - Stopped by Kaapo Kahkonen with a rebound.
8:05 of 3rd period - Wrist shot by Jared McCann.
8:05 of 3rd period - Stopped by Kaapo Kahkonen with a rebound.
8:07 of 3rd period - Snap shot by Gabriel Vilardi.
8:07 of 3rd period - Stopped by Kaapo Kahkonen with a rebound.
8:24 of 3rd period - Off-side.
8:25 of 3rd period - Jacob Josefson wins face-off versus Drake Caggiula in neutral zone.
8:43 of 3rd period - Xavier Ouellet is hit by Jacob Josefson.
9:43 of 3rd period - Off-side.
9:44 of 3rd period - Drake Caggiula wins face-off versus Axel Holmstrom in neutral zone.
10:13 of 3rd period - Snap shot by Matteson Iacopelli.
10:13 of 3rd period - Stopped by Kaapo Kahkonen with a rebound.
10:15 of 3rd period - Slapshot by Max Lajoie.
10:15 of 3rd period - Stopped by Kaapo Kahkonen with a rebound.
10:33 of 3rd period - Slapshot by Jordan Oesterle.
10:33 of 3rd period - Stopped by Adin Hill with a rebound.
10:45 of 3rd period - Ryan Murphy is hit by Axel Holmstrom.
11:17 of 3rd period - Snap shot by Michael Ferland.
11:17 of 3rd period - Stopped by Adin Hill with a rebound.
11:19 of 3rd period - Backhand shot by Joel Vermin.
11:19 of 3rd period - Goal by Joel Vermin - Eagles : 4 - Crunch : 7.
11:20 of 3rd period - Drake Caggiula wins face-off versus Jacob Josefson in neutral zone.
11:35 of 3rd period - Backhand shot by Jeremy Lauzon.
11:35 of 3rd period - Shot Misses the Net.
12:14 of 3rd period - Backhand shot by Anatoli Golyshev.
12:14 of 3rd period - Stopped by Adin Hill with a rebound.
12:28 of 3rd period - Wrist shot by Jacob Josefson.
12:28 of 3rd period - Stopped by Adin Hill with a rebound.
12:30 of 3rd period - Slapshot by Anthony Cirelli.
12:30 of 3rd period - Shot Blocked by Jonathan Racine.
13:09 of 3rd period - Off-side.
13:10 of 3rd period - Connor Bunnaman wins face-off versus Zach Aston-Reese in neutral zone.
13:10 of 3rd period - Connor Bunnaman is hit by Jarred Tinordi.
13:25 of 3rd period - Wrist shot by Michael Ferland.
13:25 of 3rd period - Shot Misses the Net.
13:39 of 3rd period - Jarred Tinordi is hit by Jacob Josefson and loses puck.
13:59 of 3rd period - Penalty Shot by Denis Gurianov for Crunch.
13:59 of 3rd period - Backhand shot by Denis Gurianov.
13:59 of 3rd period - Stopped by Adin Hill.
14:00 of 3rd period - Jacob Josefson wins face-off versus Zach Aston-Reese in Crunch zone.
14:14 of 3rd period - Wrist shot by Teemu Hartikainen.
14:14 of 3rd period - Stopped by Adin Hill without a rebound.
14:15 of 3rd period - Axel Holmstrom wins face-off versus Drake Caggiula in Eagles zone.
14:40 of 3rd period - Matteson Iacopelli is hit by Anthony Cirelli.
15:06 of 3rd period - Snap shot by Joel Vermin.
15:06 of 3rd period - Deflect By Jarred Tinordi.
15:06 of 3rd period - Stopped by Adin Hill with a rebound.
15:08 of 3rd period - Slapshot by Michael Ferland.
15:08 of 3rd period - Shot Misses the Net.
15:10 of 3rd period - Wrist shot by Michael Ferland.
15:10 of 3rd period - Stopped by Adin Hill with a rebound.
15:22 of 3rd period - Slapshot by Jarred Tinordi.
15:22 of 3rd period - Stopped by Kaapo Kahkonen without a rebound.
15:23 of 3rd period - Blake Lizotte wins face-off versus Pius Suter in Crunch zone.
15:23 of 3rd period - Blake Lizotte is hit by Michael Carcone.
15:33 of 3rd period - Pius Suter is hit by Max McCormick and loses puck.
15:49 of 3rd period - Off-side.
15:50 of 3rd period - Drake Caggiula wins face-off versus Jacob Josefson in neutral zone.
16:16 of 3rd period - Off-side.
16:17 of 3rd period - Zach Aston-Reese wins face-off versus Axel Holmstrom in neutral zone.
16:20 of 3rd period - Slapshot by John Ramage.
16:20 of 3rd period - Deflect By Denis Gurianov.
16:20 of 3rd period - Stopped by Kaapo Kahkonen without a rebound.
16:21 of 3rd period - Nick Cousins wins face-off versus Axel Holmstrom in Crunch zone.
16:54 of 3rd period - Snap shot by Denis Gurianov.
16:54 of 3rd period - Stopped by Adin Hill without a rebound.
16:55 of 3rd period - Jacob Josefson wins face-off versus Zach Aston-Reese in Eagles zone.
18:06 of 3rd period - Slapshot by Michael Carcone.
18:06 of 3rd period - Deflect By Chris Calhan.
18:06 of 3rd period - Stopped by Kaapo Kahkonen with a rebound.
18:08 of 3rd period - Slapshot by Max Lajoie.
18:08 of 3rd period - Stopped by Kaapo Kahkonen without a rebound.
18:09 of 3rd period - Pius Suter wins face-off versus Jacob Josefson in Crunch zone.
18:18 of 3rd period - Snap shot by Pius Suter.
18:18 of 3rd period - Stopped by Kaapo Kahkonen with a rebound.
18:58 of 3rd period - Slapshot by Anatoli Golyshev.
18:58 of 3rd period - Shot Blocked by Max Lajoie.
19:58 of 3rd period - Nick Cousins is hit by Axel Holmstrom and loses puck.
Goals for this period are 2 for Eagles vs 3 for Crunch.
Shots for this period are 15 for Eagles vs 19 for Crunch.